 Dungeon Crawl Stone Soup version 0.30.1-4-g462c640d31 (webtiles) character file.

Game seed: 11630428285293511088

205 Heoruswealwe the Shooter (level 5, -6/46 HPs)
             Began as a Demigod Hunter on Aug 16, 2023.
             Mangled by Crazy Yiuf
             ... wielding a +2 quarterstaff of chaos
              (8 damage)
             ... on level 4 of the Dungeon.
             The game lasted 00:26:13 (3036 turns).

Heoruswealwe the Shooter (Demigod Hunter)           Turns: 3036, Time: 00:26:14

Health: -6/46      AC:  3    Str: 18    XL:     5   Next: 27%
Magic:  7/7        EV: 12    Int: 11    God:
Gold:   128        SH:  0    Dex: 27    Spells: 4/4 levels left

rFire   . . .        a - +0 shortbow
rCold   . . .        (shield currently unavailable)
rNeg    . . .        c - +0 leather armour
rPois   .            (no helmet)
rElec   .            (no cloak)
rCorr   .            (no gloves)
SInv    .            (no boots)
Will    .....        i - amulet of the acrobat
Stlth   ++           k - +6 ring of strength
HPRegen 0.27/turn    j - +6 ring of dexterity
MPRegen 0.10/turn

%: acrobat
@: no status effects
A: high MP 1, forlorn, divine attributes
a: no special abilities


You were on level 4 of the Dungeon.
You visited 1 branch of the dungeon, and saw 4 of its levels.

You collected 178 gold pieces.
You spent 50 gold pieces at shops.

Inventory:

Hand Weapons
 a - a +0 shortbow (weapon)
 b - a +0 rapier
Armour
 c - a +0 leather armour (worn)
Jewellery
 i - an amulet of the acrobat (around neck)
 j - a +6 ring of dexterity (right hand)
 k - a +6 ring of strength (left hand)
Wands
 l - a wand of light (11)
 p - a wand of iceblast (9)
Scrolls
 d - 2 scrolls of teleportation
 e - a scroll of identify
 f - 2 scrolls of enchant armour
 g - 2 scrolls of immolation
Potions
 h - 2 potions of curing
 m - 2 potions of might
 n - a potion of cancellation
 o - a potion of lignification
 q - a potion of flight
 r - a potion of brilliance


   Skills:
 + Level 3.9 Fighting
 + Level 5.1 Ranged Weapons
 - Level 1.7 Dodging
 - Level 0.8 Stealth


You had 4 spell levels left.
You didn't know any spells.
Your spell library contained the following spells:

 Spells                   Type           Power      Damage    Failure   Level
 Summon Small Mammal      Summ           0%         N/A       38%         1
 Call Canine Familiar     Summ           0%         N/A       77%         3
 Summon Guardian Golem    Hex/Summ       0%         N/A       77%         3


Dungeon Overview and Level Annotations

Branches:
Dungeon (4/15)
 Temple: D:4-7

Shops:
D:2 *

Annotations:
D:4 Crazy Yiuf


Innate Abilities, Weirdness & Mutations

You have an increased reservoir of magic. (+10% MP)
You shall have no god before yourself.
Your divine heritage dramatically boosts your attributes as you level up.


Message History

Your surroundings suddenly seem different.
Found a stone staircase leading up.
There is a stone staircase leading up here.
There is a stone staircase leading up here.
You climb upwards.
There is a stone staircase leading down here.
There is a stone staircase leading down here.
You climb downwards.
There is a stone staircase leading up here.
Found a glowing sapphire potion.
s - a glowing sapphire potion
As you read the scroll of identify, it crumbles to dust.
s - a potion of attraction You drop a potion of attraction.
Found a hammer.
Found a runed translucent door.
Crazy Yiuf shouts!
You open the door.
Okay, then.
Okay, then.
You shoot an arrow. The arrow hits Crazy Yiuf!
Crazy Yiuf is heavily wounded.
Crazy Yiuf barely misses you.
You shoot an arrow. The arrow barely misses Crazy Yiuf.
Crazy Yiuf completely misses you.
You shoot an arrow. The arrow hits Crazy Yiuf!
Crazy Yiuf is almost dead.
Crazy Yiuf closely misses you.
Crazy Yiuf hits you with a +2 quarterstaff of chaos!
Space warps around you.
You shoot an arrow. The arrow closely misses Crazy Yiuf.
Crazy Yiuf hits you but does no damage.
You are electrocuted!
Fire: a) +0 shortbow
Press: ? - help, Q - select action, (/) - cycle Shift-Dir - straight line, f/p - Crazy Yiuf
Aim: Crazy Yiuf, wielding a +2 quarterstaff of chaos and wearing a +0 cloak (almost dead, 71% to hit)
You shoot an arrow. The arrow hits Crazy Yiuf.
Crazy Yiuf is almost dead.
Crazy Yiuf hits you with a +2 quarterstaff of chaos!
* * * LOW HITPOINT WARNING * * *
Crazy Yiuf freezes you!
You die...

#####
#....###.......#
#. #....#
####..#.###.
#....#
####..##...#
##...#
#.........##
##.##
####..###.# ##.#
#.##..# #.##
#.## #.....#
#... ##.#
#.###.###.#.
#@## ###
#....#.. #g#
#####.## ...
#########.#
#...#
#....<....#
#)..#
###########
#####


You could see Crazy Yiuf.

Vanquished Creatures
  A phantom (D:4)
  4 adders
  3 worms (D:2)
  A dart slug (D:1)
  2 orcs
  5 endoplasms
  2 giant cockroaches
  5 goblins
  3 hobgoblins
  4 jackals (D:4)
  4 kobolds
  A quokka (D:1)
  4 ball pythons
  5 bats
  6 frilled lizards
  A rat (D:2)
51 creatures vanquished.

Vanquished Creatures (others)
  A howler monkey (D:4)
1 creature vanquished.

Grand Total: 52 creatures vanquished

Notes
Turn   | Place    | Note
-------+----------+-------------------------------------------
     0 | D:1      | Heoruswealwe the Demigod Hunter began the quest for the
                  | Orb.
     0 | D:1      | Reached XP level 1. HP: 17/17 MP: 3/3
   281 | D:1      | Reached XP level 2. HP: 21/24 MP: 4/4
   457 | D:2      | Found Uquol's General Store.
   467 | D:2      | Bought a scroll of identify for 20 gold pieces
   467 | D:2      | Bought a scroll of teleportation for 30 gold pieces
   495 | D:2      | Reached skill level 4 in Ranged Weapons
   629 | D:2      | Reached XP level 3. HP: 9/30 MP: 5/5
   904 | D:1      | You fall into a shaft and drop 1 floor!
  2317 | D:4      | Reached XP level 4. HP: 17/38 MP: 6/6
  2507 | D:4      | Noticed a phantom
  2525 | D:4      | Killed a phantom
  2526 | D:4      | Reached skill level 5 in Ranged Weapons
  2526 | D:4      | Reached XP level 5. HP: 15/46 MP: 7/7
  3027 | D:4      | Found a runed translucent door.
  3028 | D:4      | Noticed Crazy Yiuf
  3036 | D:4      | HP: 2/46 [Crazy Yiuf/+2 quarterstaff of chaos (16)]
  3036 | D:4      | Mangled by Crazy Yiuf

Illustrated notes

Levels and vault maps discovered:
D:1:      saegor_arrival_simple_a, layout_rooms,
          dreamdust_ecumenical_altar_statues
D:2:      layout_loops_ring, serial_shops, nicolae_shop_waterfront,
          kennysheep_generic_room_16
D:3:      layout_basic, kennysheep_generic_room_2
D:4:      layout_loops_ring, lemuel_tele_altar, uniq_crazy_yiuf_cottage

Skill      XL: |  1  2  3  4 |
---------------+-------------+-----
Fighting       | 2 3 |  3.9
Ranged Weapons | 4 5 |  5.1
Dodging        | |  1.7
Stealth        | |  0.8

Action                     |  1- 3 |  4- 6 || total
---------------------------+-------+-------++-------
   Fire: Shortbow          |   153 |    37 ||   190
    Use: Scroll            |     5 |     3 ||     8
 Armour: Leather armour    |    24 |     5 ||    29
  Dodge: Dodged            |    85 |    28 ||   113
